 Dungeon Crawl Stone Soup version 0.32-a0-938-g40ac7a0f4d (webtiles) character file.

Game seed: 1584476081147018073

24 KennySheep the Shooter (level 2, -2/15 HPs)
             Began as a Deep Elf Wanderer on Apr 15, 2024.
             Slain by a hobgoblin (4 damage)
             ... on level 2 of the Dungeon.
             The game lasted 00:05:01 (893 turns).

KennySheep the Shooter (Deep Elf Wanderer)           Turns: 893, Time: 00:05:02

Health: -2/15      AC:  4    Str:  6    XL:     2   Next: 79%
Magic:  7/7        EV: 12    Int: 15    God:
Gold:   62         SH:  0    Dex: 18    Spells: 2/5 levels left

rFire   . . .        a - +0 sling
rCold   . . .        (no shield)
rNeg    . . .        d - +0 robe
rPois   .            (no helmet)
rElec   .            b - +0 cloak
rCorr   .            g - +0 pair of gloves
SInv    .            (no boots)
Will    .....        (no amulet)
Stlth   ++           (no ring)
HPRegen 0.22/turn    (no ring)
MPRegen 0.10/turn

%: no passive effects
@: mighty
A: no striking features
a: no special abilities


You were on level 2 of the Dungeon.
You visited 1 branch of the dungeon, and saw 2 of its levels.

You collected 62 gold pieces.

Inventory:

Hand Weapons
 a - a +0 sling (weapon)
Armour
 b - a +0 cloak (worn)
 d - a +0 robe (worn)
 g - a +0 pair of gloves (worn)
Jewellery
 f - a ring of fire
Potions
 c - 3 potions of attraction
 j - a potion of might


   Skills:
 + Level 4.3 Ranged Weapons
 + Level 2.8 Dodging
 - Level 2.0 Spellcasting
 * Level 3.9 Translocations
 - Level 1.1 Shapeshifting


You had 2 spell levels left.
You knew the following spells:

 Your Spells              Type           Power      Damage    Failure   Level
a - Apportation           Tloc           26%        N/A       4%          1
b - Blink                 Tloc           26%        N/A       7%          2

Your spell library contained the following spells:

 Spells                   Type           Power      Damage    Failure   Level
 Volatile Blastmotes      Fire/Tloc      14%        2d11      30%         3


Dungeon Overview and Level Annotations

Branches:
Dungeon (2/15)

Altars:


Message History

A gnoll comes into view. It is wielding a +0 club.
A ball python comes into view.
Found a club, 6 poisoned darts and a slimy whip.
The frilled lizard attacks as it pursues you!
The frilled lizard barely misses you.
Found a stone staircase leading down.
The ball python hisses angrily.
A bat comes into view.
The gnoll attacks as it pursues you! The gnoll hits you with a +0 whip.
The gnoll hits you with a +0 whip. The gnoll attacks as it pursues you!
The gnoll misses you.
You see here a +0 club.
The gnoll attacks as it pursues you! The gnoll hits you with a +0 whip!
Ouch! That really hurt!
* * * LOW HITPOINT WARNING * * *
It was a potion of might.
You feel very mighty all of a sudden. The gnoll barely misses you.
As you read the scroll labelled FAUFYTR DUUNT, it crumbles to dust.
The creatures around you are filled with an inner flame!
It was a scroll of immolation.
The gnoll closely misses you.
Okay, then.
As you read the scroll labelled YTEAN YBACLA, it crumbles to dust.
You feel aware of your surroundings.
You sensed 1 altar.
It was a scroll of revelation.
A ribbon worm and a hobgoblin come into view.
The gnoll closely misses you.
Found 18 gold pieces.
As you read the scroll labelled YHINAD JUNO, it dissolves into smoke.
It was a scroll of fog.
The gnoll barely misses you.
The hobgoblin shouts!
The gnoll attacks as it pursues you! The gnoll closely misses you.
A goblin comes into view. It is wielding a +0 club.
The bat hits you but does no damage. The hobgoblin hits you.
* * * LOW HITPOINT WARNING * * *
The hobgoblin attacks as it pursues you!
The hobgoblin hits you but does no damage.
The bat hits you but does no damage. The gnoll closely misses you.
The bat barely misses you. The hobgoblin hits you.
You die...

*,*#####.#########
*,*#####.#########
*,*#####.######### ***
*,*......######### *,,
*,*.######§§§§§§## *,,
*,*.#...$#§####§## *,,
*,*.#.##.#§#..#l## ********,,
*,*.#..#.#§#..g..# *,,>,,,,,,
*,*.##.#.#§#g@gb.# *,******,,
*,*...w...§§..#..# *,*,,***+*
***,,.....##§##.#..# *,*,,**,,,
*,,,,...b....##.#..# *,*,,**,,,
*,**,...........#..# *,,,,,,,,,
*,**,.(....?.####g.#***<,,***,,,
*,***+##+#...>,,,...,,,,,,,,,,,,
*,* *,**,#.).#*+**,******,**,,,,
*,* *,**,#....,,,,,******,***,,,


You could see 2 gnolls, a hobgoblin, a bat and a frilled lizard (inner flame).

Vanquished Creatures
  A dart slug (D:1)
  2 bats (D:1)
  2 endoplasms (D:1)
  2 goblins (D:1)
  4 hobgoblins (D:1)
  A quokka (D:1)
  2 ball pythons (D:1)
  A frilled lizard (D:1)
  A kobold (D:1)
  5 rats (D:1)
21 creatures vanquished.

Notes
Turn   | Place    | Note
-------+----------+-------------------------------------------
     0 | D:1      | KennySheep the Deep Elf Wanderer began the quest for the
                  | Orb.
     0 | D:1      | KennySheep set off with the following items: a +0 sling, a
                  | +0 cloak, a potion of attraction, a +0 robe; and the
                  | following spell memorised: Apportation; and the following
                  | spells available to memorise: Blink, Volatile Blastmotes.
     0 | D:1      | Reached XP level 1. HP: 10/10 MP: 5/5
   188 | D:1      | Found a faded altar of an unknown god.
   218 | D:1      | Reached XP level 2. HP: 15/15 MP: 7/7
   341 | D:1      | Learned a level 2 spell: Blink
   893 | D:2      | Slain by a hobgoblin

Illustrated notes

Levels and vault maps discovered:
D:1:      dpeg_arrival_chambers_temple_mockup, layout_loops_ring,
          dreamdust_ecumenical_altar_statues
D:2:      layout_basic, basic_altar

Skill      XL: |  1 |
---------------+----+-----
Spellcasting   | 2 |  2.0
Ranged Weapons | |  4.3
Dodging        | |  2.8
Translocations | |  3.9
Shapeshifting  | |  1.1

Action                     || total
---------------------------++-------
   Fire: Sling             ||    64
    Use: Scroll            ||     3
         Potion            ||     1
 Armour: Robe              ||    17
  Dodge: Dodged            ||    27

Table legend: (Time is in decaauts)
 A = Elapsed time spent in this place.
 B = Non-inter-level travel time spent in this place.
 C = Inter-level travel time spent in this place.
 D = Time resting spent in this place.
 E = Time spent auto-exploring this place.
 F = Levels seen in this place.
 G = Mean time per level.
                   A        B        C        D        E       F      G
               +--------+--------+--------+--------+--------+-----+--------+
         Total |    905 |    882 |     23 |      0 |    737 |   2 |  452.5 |
       Dungeon |    905 |    882 |     23 |      0 |    737 |   2 |  452.5 |
               +--------+--------+--------+--------+--------+-----+--------+

Top non-repeatable levels by time:
     D:1: 881 daAuts
     D:2: 23 daAuts
